NYP
EVERETT AQUASOX @ CONNECTICUT TIGERS
07/29/2047
 
TOP OF THE 1ST
Everett AquaSox batting - Pitching for Connecticut Tigers : RHP Rick Young
Pitching: RHP Rick Young
Batting: RHB Tomokazu Sugimoto 0-0: Ball
1-0: Ball
2-0: Ball
3-0: Base on Balls
Batting: LHB Addisu Nyamekye 0-0: Ball
1-0: Called Strike
Tomokazu Sugimoto steals 2nd base (no throw)
1-1: Foul Ball, location: 2F
1-2: SINGLE (Groundball, 5L, EV 108.1 MPH) (infield hit)
Tomokazu Sugimoto to third
Batting: RHB Chris Skaff 0-0: Called Strike
0-1: Ball
1-1: Ball
2-1: Called Strike
2-2: Ball
3-2: Strikes out looking
Batting: LHB Chris Jackson 0-0: Foul Ball, location: 2F
0-1: Ball
1-1: Swinging Strike
1-2: Ball
2-2: Strikes out swinging
Batting: RHB Kinzo Yokoyama 0-0: Called Strike
0-1: Ground out 5-3 (Groundball, 5S, EV 87.5 MPH)
Top of the 1st over - 0 runs, 1 hit, 0 errors, 2 left on base; Everett 0 - Connecticut 0
BOTTOM OF THE 1ST
Connecticut Tigers batting - Pitching for Everett AquaSox : LHP Ed Gilroy
Pitching: LHP Ed Gilroy
Batting: RHB Janne Vihko 0-0: Ball
1-0: Swinging Strike
1-1: Ball
2-1: SINGLE (Groundball, 56D, EV 95.0 MPH)
Batting: RHB Tony Nunez 0-0: Ball
1-0: Ball
2-0: Swinging Strike
2-1: Fielders Choice at 2nd, 5-4 (Groundball, 56, EV 86.9 MPH)
Batting: RHB Jaden Warrior 0-0: Foul Ball, location: 2F
0-1: Swinging Strike
0-2: Strikes out looking
Batting: LHB Nick Swank 0-0: Ball
1-0: Foul Ball, location: 2F
1-1: Ball
2-1: Foul Ball, location: 2F
2-2: Strikes out looking
Bottom of the 1st over - 0 runs, 1 hit, 0 errors, 1 left on base; Everett 0 - Connecticut 0
TOP OF THE 2ND
Everett AquaSox batting - Pitching for Connecticut Tigers : RHP Rick Young
Batting: RHB Robby Adair 0-0: Ground out 5-3 (Groundball, 56, EV 104.4 MPH)
Batting: LHB Ryan Daniels 0-0: Ground out 4-3 (Groundball, 4, EV 99.4 MPH)
Batting: SHB Tony Morales 0-0: Ground out 5-3 (Groundball, 56, EV 103.1 MPH)
Top of the 2nd over - 0 runs, 0 hits, 0 errors, 0 left on base; Everett 0 - Connecticut 0
BOTTOM OF THE 2ND
Connecticut Tigers batting - Pitching for Everett AquaSox : LHP Ed Gilroy
Batting: LHB Antonio Luis 0-0: TRIPLE (Flyball, 89XD, EV 111.9 MPH)
Batting: RHB Gabe Higley 0-0: Called Strike
0-1: Ball
1-1: Swinging Strike
1-2: Ball
2-2: Strikes out swinging
Batting: RHB Jordan Hall 0-0: Called Strike
0-1: Ground out 4-3 (Groundball, 4M, EV 87.5 MPH)
Antonio Luis scores
Batting: RHB Kaleb Yerger 0-0: Fly out, F7 (Flyball, 7, EV 85.6 MPH)
Bottom of the 2nd over - 1 run, 1 hit, 0 errors, 0 left on base; Everett 0 - Connecticut 1
TOP OF THE 3RD
Everett AquaSox batting - Pitching for Connecticut Tigers : RHP Rick Young
Batting: RHB Richie Schraven 0-0: Ball
1-0: Foul Ball, location: 2F
1-1: Swinging Strike
1-2: Ball
2-2: Strikes out looking
Batting: RHB Tomokazu Sugimoto 0-0: Ball
1-0: Fly out, F3 (Line Drive, 3, EV 66.2 MPH)
Batting: LHB Addisu Nyamekye 0-0: Ball
1-0: Ball
2-0: Ball
3-0: Called Strike
3-1: Foul Ball, location: 2F
3-2: Strikes out swinging
Top of the 3rd over - 0 runs, 0 hits, 0 errors, 0 left on base; Everett 0 - Connecticut 1
BOTTOM OF THE 3RD
Connecticut Tigers batting - Pitching for Everett AquaSox : LHP Ed Gilroy
Batting: SHB Ian Arlotta 0-0: Foul Ball, location: 2F
0-1: Foul Ball, location: 2F
0-2: Strikes out swinging
Batting: RHB Janne Vihko 0-0: Called Strike
0-1: Ground out 6-3 (Groundball, 6S, EV 83.1 MPH)
Batting: RHB Tony Nunez 0-0: Ball
1-0: Swinging Strike
1-1: Hit by Pitch
Batting: RHB Jaden Warrior 0-0: Ball
1-0: Ground out 5-3 (Groundball, 56S, EV 86.9 MPH)
Bottom of the 3rd over - 0 runs, 0 hits, 0 errors, 1 left on base; Everett 0 - Connecticut 1
TOP OF THE 4TH
Everett AquaSox batting - Pitching for Connecticut Tigers : RHP Rick Young
Batting: RHB Chris Skaff 0-0: Ball
1-0: Called Strike
1-1: Ball
2-1: Foul Ball, location: 2F
2-2: Strikes out swinging
Batting: LHB Chris Jackson 0-0: Ball
1-0: Foul Ball, location: 2F
1-1: Reached on error, E4 (Groundball, 4, EV 88.1 MPH)
Batting: RHB Kinzo Yokoyama 0-0: Ball
1-0: Swinging Strike
1-1: Foul Ball, location: 2F
1-2: Ball
2-2: Ball
3-2: Base on Balls
Batting: RHB Robby Adair 0-0: Called Strike
0-1: Swinging Strike
0-2: Ball
1-2: Foul Ball, location: 2F
1-2: Foul Ball, location: 2F
1-2: Foul Ball, location: 2F
1-2: Ball
2-2: Strikes out swinging
Batting: LHB Ryan Daniels 0-0: Swinging Strike
0-1: Ball
1-1: Ball
2-1: Foul Ball, location: 2F
2-2: Foul Ball, location: 2F
2-2: Ball
3-2: Foul Ball, location: 2F
3-2: Strikes out looking
Top of the 4th over - 0 runs, 0 hits, 1 error, 2 left on base; Everett 0 - Connecticut 1
BOTTOM OF THE 4TH
Connecticut Tigers batting - Pitching for Everett AquaSox : LHP Ed Gilroy
Batting: LHB Nick Swank 0-0: Ball
1-0: Ball
2-0: Ball
3-0: Called Strike
3-1: Called Strike
3-2: Base on Balls
Batting: LHB Antonio Luis 0-0: Fielders Choice at 2nd, 1-6 (Groundball, 15S, EV 70.0 MPH)
Batting: RHB Gabe Higley 0-0: Foul Ball, location: 2F
Pickoff Throw to First - Out! 1-3 CS
0-1: Foul Ball, location: 2F
0-2: Ground out 6-3 (Groundball, 6, EV 88.1 MPH)
Bottom of the 4th over - 0 runs, 0 hits, 0 errors, 0 left on base; Everett 0 - Connecticut 1
TOP OF THE 5TH
Everett AquaSox batting - Pitching for Connecticut Tigers : RHP Rick Young
Batting: SHB Tony Morales 0-0: Ground out 1-3 (Groundball, 23, EV 77.5 MPH)
Batting: RHB Richie Schraven 0-0: Ball
1-0: Foul Ball, location: 2F
1-1: Ball
2-1: Ball
3-1: Fly out, F5 (Line Drive, 5, EV 66.2 MPH)
Batting: RHB Tomokazu Sugimoto 0-0: Swinging Strike
0-1: Foul Ball, location: 2F
0-2: Strikes out swinging
Top of the 5th over - 0 runs, 0 hits, 0 errors, 0 left on base; Everett 0 - Connecticut 1
BOTTOM OF THE 5TH
Connecticut Tigers batting - Pitching for Everett AquaSox : LHP Ed Gilroy
Batting: RHB Jordan Hall 0-0: Ball
1-0: Swinging Strike
1-1: Ball
2-1: Foul Ball, location: 2F
2-2: Foul Ball, location: 2F
2-2: Ball
3-2: Ground out U3 (Groundball, 3, EV 104.4 MPH)
Batting: RHB Kaleb Yerger 0-0: Swinging Strike
0-1: Ball
1-1: Foul Ball, location: 2F
1-2: Foul Ball, location: 2F
1-2: Strikes out looking
Batting: SHB Ian Arlotta 0-0: Called Strike
0-1: Swinging Strike
0-2: Ball
1-2: Ball
2-2: Ground out 5-3 (Groundball, 56, EV 86.9 MPH)
Bottom of the 5th over - 0 runs, 0 hits, 0 errors, 0 left on base; Everett 0 - Connecticut 1
TOP OF THE 6TH
Everett AquaSox batting - Pitching for Connecticut Tigers : RHP Rick Young
Batting: LHB Addisu Nyamekye 0-0: Swinging Strike
0-1: Foul Ball, location: 2F
0-2: Strikes out swinging, 2-3 out at first.
Batting: RHB Chris Skaff 0-0: Ball
1-0: Called Strike
1-1: Ball
2-1: Ball
3-1: Base on Balls
Batting: LHB Chris Jackson 0-0: Called Strike
0-1: Ball
1-1: Ball
2-1: Ball
3-1: Called Strike
3-2: Foul Ball, location: 2F
3-2: Base on Balls
Chris Skaff to second
Pitching: RHP Morty Rupert
Batting: RHB Kinzo Yokoyama 0-0: Called Strike
0-1: Ball
1-1: SINGLE (Groundball, 5S, EV 68.1 MPH) (infield hit)
Chris Skaff to third
Chris Jackson to second
Batting: RHB Robby Adair 0-0: Called Strike
0-1: Ball
1-1: Called Strike
1-2: Strikes out swinging
Batting: LHB Ryan Daniels 0-0: Ball
1-0: Ball
2-0: Ball
3-0: Base on Balls
Chris Skaff scores
Chris Jackson to third
Kinzo Yokoyama to second
Batting: SHB Tony Morales 0-0: Ball
1-0: Ball
2-0: Called Strike
2-1: Foul Ball, location: 2F
2-2: Ball
3-2: Fly out, F8 (Flyball, 8RXD, EV 104.4 MPH)
Top of the 6th over - 1 run, 1 hit, 0 errors, 3 left on base; Everett 1 - Connecticut 1
BOTTOM OF THE 6TH
Connecticut Tigers batting - Pitching for Everett AquaSox : LHP Ed Gilroy
Batting: RHB Janne Vihko 0-0: Called Strike
0-1: Ground out 2-3 (Groundball, 2R, EV 66.2 MPH)
Batting: RHB Tony Nunez 0-0: Ball
1-0: Foul Ball, location: 2F
1-1: Ball
2-1: Ball
3-1: DOUBLE (Line Drive, 9LM, EV 94.4 MPH)
Batting: RHB Jaden Warrior 0-0: Intentional Walk
Pitching: RHP Ke-yong Khoo
Batting: LHB Nick Swank 0-0: Foul Ball, location: 2F
0-1: Ball
1-1: Ball
2-1: DOUBLE (Groundball, 3L, EV 101.9 MPH)
Tony Nunez scores
Jaden Warrior to third
Batting: LHB Antonio Luis 0-0: DOUBLE (Flyball, 89XD, EV 98.8 MPH)
Jaden Warrior scores
Nick Swank scores
Batting: RHB Gabe Higley 0-0: Ball
1-0: Ball
2-0: Ball
3-0: Called Strike
3-1: Base on Balls
Batting: RHB Jordan Hall 0-0: Called Strike
0-1: Swinging Strike
0-2: Ball
1-2: Hit by Pitch
Antonio Luis to third
Gabe Higley to second
Batting: RHB Kaleb Yerger 0-0: Foul Ball, location: 2F
0-1: Ball
1-1: Ball
Wild Pitch!
Antonio Luis scores
Gabe Higley to third
Jordan Hall to second
2-1: Ground out 6-3 (Groundball, 6, EV 82.5 MPH)
Gabe Higley scores
Batting: SHB Ian Arlotta 0-0: Ball
1-0: Swinging Strike
Balk!
Jordan Hall to third
1-1: SINGLE (Line Drive, 8LS, EV 96.9 MPH)
Jordan Hall scores
Pitching: RHP Eduardo Arlarcon
Batting: RHB Janne Vihko 0-0: Called Strike
0-1: Foul Ball, location: 2F
0-2: Ball
1-2: Strikes out swinging
Bottom of the 6th over - 6 runs, 4 hits, 0 errors, 1 left on base; Everett 1 - Connecticut 7
TOP OF THE 7TH
Everett AquaSox batting - Pitching for Connecticut Tigers : RHP Morty Rupert
Batting: RHB Richie Schraven 0-0: Foul Ball, location: 2F
0-1: Called Strike
0-2: Strikes out swinging
Batting: RHB Tomokazu Sugimoto 0-0: Ball
1-0: Ball
2-0: Called Strike
2-1: Foul Ball, location: 2F
2-2: Ball
3-2: Strikes out looking
Batting: LHB Addisu Nyamekye 0-0: Foul Ball, location: 2F
0-1: Swinging Strike
0-2: Ball
1-2: Foul Ball, location: 2F
1-2: Foul Ball, location: 2F
1-2: Ball
2-2: Strikes out swinging, 2-3 out at first.
Top of the 7th over - 0 runs, 0 hits, 0 errors, 0 left on base; Everett 1 - Connecticut 7
BOTTOM OF THE 7TH
Connecticut Tigers batting - Pitching for Everett AquaSox : RHP Eduardo Arlarcon
Batting: RHB Tony Nunez 0-0: Foul Ball, location: 2F
0-1: Ball
1-1: Foul Ball, location: 2F
1-2: Ball
2-2: Strikes out swinging
Batting: RHB Jaden Warrior 0-0: Called Strike
0-1: Called Strike
0-2: Ball
1-2: Strikes out looking
Batting: LHB Nick Swank 0-0: Called Strike
0-1: Called Strike
0-2: Strikes out looking
Bottom of the 7th over - 0 runs, 0 hits, 0 errors, 0 left on base; Everett 1 - Connecticut 7
TOP OF THE 8TH
Everett AquaSox batting - Pitching for Connecticut Tigers : RHP Morty Rupert
Batting: RHB Chris Skaff 0-0: Called Strike
0-1: Called Strike
0-2: Reached on error, E4 (Groundball, 34, EV 104.4 MPH)
Batting: LHB Chris Jackson 0-0: Foul Ball, location: 2F
0-1: Called Strike
0-2: Strikes out looking
Batting: RHB Kinzo Yokoyama 0-0: Swinging Strike
0-1: Fly out, F2 (Popup, 13S, EV 86.2 MPH)
Batting: RHB Robby Adair 0-0: Foul Ball, location: 2F
0-1: Foul Ball, location: 2F
0-2: Ball
1-2: Foul Ball, location: 2F
1-2: SINGLE (Line Drive, 89M, EV 88.8 MPH)
Chris Skaff to third
Runner from 3rd tries for Home, SAFE, throw by RF to home
Pitching: RHP Dave Valdez
Batting: LHB Ryan Daniels 0-0: Called Strike
0-1: Called Strike
0-2: Ball
1-2: Strikes out swinging
Top of the 8th over - 1 run, 1 hit, 1 error, 1 left on base; Everett 2 - Connecticut 7
BOTTOM OF THE 8TH
Connecticut Tigers batting - Pitching for Everett AquaSox : RHP Eduardo Arlarcon
Batting: LHB Antonio Luis 0-0: Ball
1-0: Swinging Strike
1-1: Ball
2-1: Called Strike
2-2: Foul Ball, location: 2F
2-2: Foul Ball, location: 2F
2-2: Ball
3-2: Base on Balls
Batting: RHB Gabe Higley 0-0: Ball
1-0: Foul Ball, location: 2F
1-1: Foul Ball, location: 2F
1-2: Strikes out swinging
Batting: RHB Jordan Hall 0-0: Ball
1-0: Called Strike
1-1: Grounds into double play, 6-4-3 (Groundball, 6M, EV 109.4 MPH)
Bottom of the 8th over - 0 runs, 0 hits, 0 errors, 0 left on base; Everett 2 - Connecticut 7
TOP OF THE 9TH
Everett AquaSox batting - Pitching for Connecticut Tigers : RHP Dave Valdez
Batting: SHB Tony Morales 0-0: Called Strike
0-1: Ball
1-1: Called Strike
1-2: Strikes out looking
Batting: RHB Richie Schraven 0-0: Ball
1-0: Ground out 4-3 (Groundball, 4, EV 83.8 MPH)
Batting: RHB Tomokazu Sugimoto 0-0: Ball
1-0: Called Strike
1-1: Ball
2-1: Ball
3-1: Called Strike
3-2: Foul Ball, location: 2F
3-2: SINGLE (Groundball, 25, EV 69.4 MPH) (infield hit)
Batting: LHB Addisu Nyamekye 0-0: Ball
1-0: Ball
2-0: Called Strike
2-1: Fly out, F9 (Flyball, 89S, EV 93.1 MPH)
Top of the 9th over - 0 runs, 1 hit, 0 errors, 1 left on base; Everett 2 - Connecticut 7
Thursday, December 15th , 2022 - OOTP Baseball 23.9 Build 102